 Dungeon Crawl Stone Soup version 0.17-a0-1020-ge683cc4 (console) character file.

55 Monkaria the Skirmisher (level 3, -1/30 HPs)
             Began as a Demonspawn Chaos Knight on May 14, 2015.
             Slain by a jackal (3 damage)
             ... on level 3 of the Dungeon.
             The game lasted 00:01:56 (1705 turns).

Monkaria the Skirmisher (Demonspawn Chaos Knight)   Turns: 1705, Time: 00:01:56

Health: -1/30      AC:  5    Str: 13    XL:     3   Next: 67%
Magic:  3/3        EV:  6    Int: 13    God:    Xom [..*...]
Gold:   121        SH:  0    Dex: 12    Spells: 0 memorised, 2 levels left

rFire  . . .     SeeInvis .     a - +0 falchion (chaos)
rCold  . . .     Clarity  .     b - +2 leather armour
rNeg   . . .     SustAb   .     (no shield)
rPois  .         Gourm    .     (helmet restricted)
rElec  .         Spirit   .     (no cloak)
rCorr  .         Warding  .     (no gloves)
rMut   .         Stasis   .     (no boots)
MR     .....                    p - amulet of faith
Stlth  +.........               (no ring)
                                (no ring)

@: not resistant to hostile enchantments, very unstealthy
A: horns 1, powered by death 1
a: Renounce Religion


You were on level 3 of the Dungeon.
You worshipped Xom.
You were a toy of Xom.
You were not hungry.

You visited 1 branch of the dungeon, and saw 3 of its levels.

You collected 121 gold pieces.

Inventory:

Hand weapons
 a - a +0 falchion of chaos (weapon)
Missiles
 l - 21 poisoned needles
Armour
 b - a +2 leather armour (worn)
Jewellery
 p - an amulet of faith (around neck)
Scrolls
 d - 3 scrolls of amnesia {unknown}
 e - 6 scrolls of identify {unknown}
 g - 2 scrolls of fog {unknown}
 j - a scroll of enchant weapon {unknown}
 m - a scroll of immolation {unknown}
 n - 3 scrolls of teleportation {unknown}
 q - a scroll of remove curse {unknown}
Potions
 f - a potion of might {unknown}
 i - a potion of flight {unknown}
 k - 2 potions of curing {unknown}
 o - a potion of ambrosia {unknown}
Comestibles
 c - 2 bread rations
 h - 2 meat rations


   Skills:
 - Level 4.1 Fighting
 + Level 3.3 Long Blades
 - Level 1.7 Armour
 - Level 0.8 Dodging


You had 2 spell levels left.
You didn't know any spells.

Dungeon Overview and Level Annotations

Branches:
Dungeon (3/15)

Altars:
Elyvilon


Innate Abilities, Weirdness & Mutations

You can steal the life force of nearby defeated enemies.
You have a pair of small horns on your head.


Message History

You hit the giant cockroach but do no damage.
You headbutt the giant cockroach.
The giant cockroach is almost dead.
The jackal barely misses you.
The giant cockroach bites you but does no damage.
Something bites you. The jackal closely misses you.
You closely miss the giant cockroach.
Your headbutt misses the giant cockroach.
The giant cockroach is almost dead.
The giant cockroach barely misses you.
The jackal bites you but does no damage.
Something bites you!
* * * LOW HITPOINT WARNING * * *
Unknown command.
The jackal barely misses you.
The giant cockroach bites you but does no damage.
There is a stone staircase leading up here.
The jackal bites you.
You die... "Huh?
Did I miss anything?"

.###......>..#
...#.........#
............#
....?..?...##
#...........
#.$.........
#..h........
#.@s........
.................
....#...$........
... ##.#.......#%
# #.###....... #.
....... ..
..##..# ## ...
..#


You could see a jackal and a giant cockroach.

Vanquished Creatures
  An ooze (D:2)
  2 worms (D:2)
  A bat (D:2)
  5 giant cockroaches
  7 goblins
  5 hobgoblins
  A quokka (D:2)
  2 ball pythons
  3 giant newts
  5 jackals
  5 kobolds
  3 rats
40 creatures vanquished.

Notes
Turn   | Place    | Note
--------------------------------------------------------------
     0 | D:1      | Monkaria the Demonspawn Chaos Knight began the quest for the Orb.
     0 | D:1      | Reached XP level 1. HP: 18/18 MP: 1/1
    60 | D:1      | XOM: silly message
   123 | D:1      | Gained mutation: You can steal the life force of nearby defeated enemies. [demonic ancestry]
   123 | D:1      | Reached XP level 2. HP: 9/24 MP: 2/2
   133 | D:1      | XOM: harmless Divn miscast
   442 | D:1      | XOM: divination: detect creatures
   852 | D:2      | XOM: harmless Fire miscast
   895 | D:2      | XOM: harmless Ice miscast
   938 | D:2      | Reached skill level 4 in Fighting
  1060 | D:2      | XOM: harmless Pois miscast
  1066 | D:2      | Found a white marble altar of Elyvilon.
  1120 | D:2      | Reached XP level 3. HP: 30/30 MP: 3/3
  1137 | D:2      | XOM: divination: detect items
  1262 | D:2      | XOM: divination: detect creatures
  1408 | D:2      | XOM: mild Tloc miscast
  1451 | D:2      | XOM: give mutation
  1451 | D:2      | Gained mutation: You have a pair of small horns on your head. [Xom's grace]
  1540 | D:2      | XOM: harmless Hex miscast
  1705 | D:3      | Slain by a jackal

Vault maps used:
D:1:      saegor_arrival_simple_c
D:2:      nicolae_overflow_hidden_temple
D:3:      fedhas_altar_4

Action                   || total
-------------------------++-------
Melee: Falchion          ||   139
 Stab: Paralysed         ||     3
  Eat: Chunk             ||     3
